[Event "Nové Hrady - Blesk"]
[Site "Nové Hrady, Czech Republic"]
[Date "2023.08.17"]
[Round "1.1"]
[White "Dudkova, Danka"]
[Black "Pulpan, Jakub"]
[Result "0-1"]
[TimeControl "2x3+2s"]
[WhiteFideId "23718439"]
[BlackFideId "302759"]
[WhiteElo "1650"]
[BlackElo "2452"]

1. e4 c5 2. Nf3 Nc6 3. d4 cxd4 4. Nxd4 g6 5. Be3 Bg7 6. Nc3 Nf6 7. Be2 O-O 8. Qd2 d5 9. Nxc6 bxc6 10. e5 Nd7 11. f4 e6 12. O-O c5 13. Nb5 Ba6 14. Nd6 Bxe2 15. Qxe2 Qc7 16. Rf3 a6 17. Rh3 Nxe5 18. fxe5 Bxe5 19. Nxf7 Rxf7 20. c3 Qd6 21.
Rd1 Raf8 22. Qc2 d4 23. Bd2 c4 24. Qc1 d3 25. Re1 Qb6+ 26. Be3 Qb8 27. Qd2 Bf4 28. Rf1 Bxh2+ 0-1

[Event "Nové Hrady - Blesk"]
[Site "Nové Hrady, Czech Republic"]
[Date "2023.08.17"]
[Round "1.2"]
[White "Zeman, Matyas"]
[Black "Voršilka, Jiří"]
[Result "1-0"]
[TimeControl "2x3+2s"]
[WhiteFideId "364398"]
[BlackFideId "365149"]
[WhiteElo "2254"]
[BlackElo "1463"]

1. Nf3 f5 2. d3 Nf6 3. e4 fxe4 4. dxe4 g6 5. e5 Ng8 6. Bd3 Bg7 7. h4 e6 8. h5 Ne7 9. h6 Bf8 10. Bg5 d6 11. Nc3 Nbc6 12. Qe2 d5 13. O-O-O b6 14.
Bf6 Rg8 15. Ng5 d4 16. Nce4 Bb7 17.
Nxe6 Qd7 18. Nxf8 Rxf8 19. Bg7 Rf7 20. Nf6+ 1-0

[Event "Nové Hrady - Blesk"]
[Site "Nové Hrady, Czech Republic"]
[Date "2023.08.17"]
[Round "1.3"]
[White "Garabik, Marek"]
[Black "Babula, Milan"]
[Result "0-1"]
[TimeControl "2x3+2s"]
[WhiteFideId "23717742"]
[BlackFideId "300632"]
[WhiteElo "1578"]
[BlackElo "2176"]

1. e4 Nc6 2. Nc3 g6 3.
f4 Bg7 4. Nf3 e6 5. Bb5 Nge7 6. d3 a6 7. Ba4 O-O 8. Be3 b5 9. Bb3 d5 10. d4 Na5 11. exd5 exd5 12. O-O Bg4 13.
h3 Bxf3 14. Qxf3 Nxb3 15. axb3 c6 16. Ne2 Nf5 17. c3 Re8 18. Bd2 a5 19. g4 Nd6 20.
Ng3 f5 21. Rae1 Ne4 22. Bc1 Qd7 23. gxf5 gxf5 24. Re3 a4 25. bxa4 Rxa4 26. Qh5 Rf8 27. Kh2 b4 0-1

[Event "Nové Hrady - Blesk"]
[Site "Nové Hrady, Czech Republic"]
[Date "2023.08.17"]
[Round "1.4"]
[White "Vybiral, Zdenek"]
[Black "Dudková, Josefína"]
[Result "1-0"]
[TimeControl "2x3+2s"]
[WhiteFideId "305200"]
[BlackFideId "23712350"]
[WhiteElo "2158"]
[BlackElo "1437"]

1. d4 Nf6 2. c4 e5 3.
dxe5 Ng4 4. Bf4 Bc5 5.
e3 Nc6 6. Qxg4 g6 7. Qg3 d6 8.
exd6 cxd6 9. Nc3 Bf5 10. a3 a6 11. Nf3 Qd7 12. Be2 O-O-O 13. O-O h5 14. Rfd1 Qe7 15. Nd5 Qe6 16. b4 Ba7 17.
Rac1 f6 18. b5 Ne5 19. Nd4 Qd7 20. Nxf5 gxf5 21. Nxf6 Qf7 22. Nd5 h4 23. Qh3 Rdg8 24. Qxf5+ Qxf5 25. Ne7+ Kb8 26. Nxf5 h3 27. g3 Rf8 28. Nxd6 Ng4 29. Nf7+ Rxf7 1-0

[Event "Nové Hrady - Blesk"]
[Site "Nové Hrady, Czech Republic"]
[Date "2023.08.17"]
[Round "1.5"]
[White "Hokr, Matyas"]
[Black "Papacek, Stepan"]
[Result "0-1"]
[TimeControl "2x3+2s"]
[WhiteFideId "23734663"]
[BlackFideId "301035"]
[WhiteElo "1472"]
[BlackElo "2137"]

1. Nf3 e6 2. b3 d5 3. Bb2 c5 4. e3 Nc6 5. d4 Nf6 6. Bd3 a6 7. c4 dxc4 8. bxc4 cxd4 9. exd4 Bb4+ 10. Ke2 O-O 11. a3 Be7 12. Re1 b5 13. Kf1 bxc4 14. Bxc4 Rb8 15. Qc2 Na5 16. Bd3 Bb7 17. Nbd2 Bd5 18. Ng5 h6 19. Nge4 Qb6 20. Rab1 Rfc8 21. Qd1 Nb3 22. Nxb3 Qxb3 23. Qxb3 Rxb3 24. Bxa6 Rcb8 25. Nxf6+ gxf6 0-1

[Event "Nové Hrady - Blesk"]
[Site "Nové Hrady, Czech Republic"]
[Date "2023.08.17"]
[Round "1.6"]
[White "Richtrova, Eliska"]
[Black "Mácová, Markéta"]
[Result "1-0"]
[TimeControl "2x3+2s"]
[WhiteFideId "300683"]
[BlackFideId "23715588"]
[WhiteElo "2122"]
[BlackElo "1304"]

1. e4 g6 2. d4 Bg7 3. Nc3 d6 4. Bc4 Nf6 5. Qe2 Be6 6. Bxe6 fxe6 7. Nf3 Nbd7 8. Bg5 c6 9. O-O-O Qb6 10. e5 Nd5 11. exd6 exd6 12. Qxe6+ Kf8 13. Qxd6+ Kg8 14. Nxd5 cxd5 15.
Qxd5+ Kf8 16. Qxd7 Re8 17. Rhe1 Rb8 18. Be7+ Kg8 19. Qd5+ Qe6 20. Qxe6# 1-0

[Event "Nové Hrady - Blesk"]
[Site "Nové Hrady, Czech Republic"]
[Date "2023.08.17"]
[Round "1.8"]
[White "Hak, David"]
[Black "Mores, Antonin"]
[Result "1-0"]
[TimeControl "2x3+2s"]
[WhiteFideId "377007"]
[BlackFideId "23711485"]
[WhiteElo "2037"]
[BlackElo "1342"]

1. d4 d5 2. c4 e6 3. Nc3 Nf6 4. Nf3 h6 5. g3 c5 6. cxd5 exd5 7. Bg2 cxd4 8. Nxd4 Bb4 9. Qa4+ Nc6 10. Nxc6 bxc6 11. Qxb4 Bf5 12. Bf4 Rc8 13. Qc5 Qe7 14. Bd6 Qe6 15.
O-O Ne4 16. Nxe4 Bxe4 17. Bxe4 Qxe4 18. Qxa7 Qe6 19. Bc5 Qd7 20. Qb6 f6 21. e4 dxe4 22.
Rad1 Qe6 23. Rd6 Qxa2 24. Qb7 Qf7 25. Qxc8+ Ke7 26. Re6# 1-0

[Event "Nové Hrady - Blesk"]
[Site "Nové Hrady, Czech Republic"]
[Date "2023.08.17"]
[Round "1.9"]
[White "Hejda, Ondřej"]
[Black "Hostička, František"]
[Result "0-1"]
[TimeControl "2x3+2s"]
[WhiteFideId "23713623"]
[BlackFideId "302295"]
[WhiteElo "1321"]
[BlackElo "2074"]

1. e4 Nf6 2. e5 Nd5 3. c4 Nb6 4. d4 d6 5. exd6 exd6 6. Nf3 Be7 7. Nc3 O-O 8. Bf4 Re8 9. Be2 Bf6 10. O-O Bf5 11. Qd2 Nc6 12. Rad1 h6 13.
a3 a5 14. d5 Ne7 15. Bd3 Qd7 16. Bxf5 Nxf5 17. Rfe1 a4 18. Qd3 Ne7 19. Be3 Nbc8 20. Bd4 Bxd4 21. Qxd4 Nb6 22. c5 dxc5 23.
Qxc5 Rad8 24. d6 Qc6 25.
Qxc6 Nxc6 26. dxc7 Rxd1 27. Rxd1 Rc8 28. Nb5 Na8 29.
Nd6 Rxc7 30. Re1 Nb6 31. Re4 Rd7 0-1

[Event "Nové Hrady - Blesk"]
[Site "Nové Hrady, Czech Republic"]
[Date "2023.08.17"]
[Round "1.10"]
[White "Valenz, Miroslav"]
[Black "Shivairo, Mark"]
[Result "1-0"]
[TimeControl "2x3+2s"]
[WhiteFideId "326283"]
[BlackFideId "23745029"]
[WhiteElo "1929"]
[BlackElo "1198"]

1. e4 e5 2. Nc3 Nf6 3. Bc4 Bc5 4.
d3 Nc6 5. f4 d6 6. Nf3 Bg4 7. Na4 Bb6 8.
Nxb6 cxb6 9. h3 Bxf3 10. Qxf3 Nd4 11. Qf2 b5 12. Bb3 Rc8 13. O-O Nxb3 14. axb3 a6 15. fxe5 dxe5 16. Bg5 Rc6 17. Qg3 Rxc2 18.
Qxe5+ Qe7 19. Bxf6 Qxe5 20. Bxe5 O-O 21. Rac1 Rd2 22. Rfd1 Re2 23. Kf1 Re3 24. Bf4 Rxe4 25. dxe4 Re8 26. Rd7 Kf8 1-0

[Event "Nové Hrady - Blesk"]
[Site "Nové Hrady, Czech Republic"]
[Date "2023.08.17"]
[Round "2.1"]
[White "Pulpan, Jakub"]
[Black "Valenz, Miroslav"]
[Result "1-0"]
[TimeControl "2x3+2s"]
[WhiteFideId "302759"]
[BlackFideId "326283"]
[WhiteElo "2452"]
[BlackElo "1929"]

1. Nf3 Nf6 2. b3 g6 3. Bb2 Bg7 4. g3 d6 5. d4 O-O 6. Bg2 Bg4 7. Nbd2 Qd7 8. h3 Be6 9. e4 c6 10. Ng5 h6 11. Nxe6 fxe6 12. O-O Na6 13. Qe2 Nc7 14. Nf3 Rf7 15.
e5 Nfd5 16. c4 Nb6 17. Qe4 g5 18. h4 d5 19. Qg4 gxh4 20. c5 hxg3 21. cxb6 gxf2+ 22. Rxf2 axb6 23. Bc1 Kh7 24. Ng5+ hxg5 25. Qh5+ Kg8 26. Qxf7+ Kh8 27. Bxd5 Qxd5 28. Rh2+ Bh6 29. Rxh6# 1-0

[Event "Nové Hrady - Blesk"]
[Site "Nové Hrady, Czech Republic"]
[Date "2023.08.17"]
[Round "2.2"]
[White "Slabý, Matěj"]
[Black "Zeman, Matyas"]
[Result "0-1"]
[TimeControl "2x3+2s"]
[WhiteFideId "23734876"]
[BlackFideId "364398"]
[WhiteElo "1894"]
[BlackElo "2254"]

1. e4 e6 2. d4 d5 3. e5 c5 4. c3 Bd7 5. Nf3 Qb6 6. a3 Bb5 7. Bxb5+ Qxb5 8. Qe2 Qxe2+ 9. Kxe2 Nd7 10. Be3 Rc8 11. Nbd2 Ne7 12.
b4 cxd4 13. cxd4 Nc6 14. Rhc1 Nb6 15. Rc2 Be7 16. Rac1 Kd7 17. Nb3 Nc4 18. Ra2 b6 19. Nbd2 Nxe3 20. Kxe3 f6 21. exf6 gxf6 22. Rac2 Bd6 23. g3 e5 24. Nb3 Ne7 25. Rxc8 Nxc8 26. Rd1 Ne7 27. Rc1 h6 28. Nh4 Ke6 29. f4 exf4+ 30. gxf4 Nf5+ 31. Nxf5 Kxf5 32. Rf1 Re8+ 33. Kd3 Re4 34. Rf3 Rxf4 35. Rh3 Kg5 36. Nd2 h5 37. Rg3+ Rg4 38. Rh3 Rg2 39. Nf3+ Kg4 0-1

[Event "Nové Hrady - Blesk"]
[Site "Nové Hrady, Czech Republic"]
[Date "2023.08.17"]
[Round "2.3"]
[White "Babula, Milan"]
[Black "Prinz, Hubert"]
[Result "1-0"]
[TimeControl "2x3+2s"]
[WhiteFideId "300632"]
[BlackFideId "1639447"]
[WhiteElo "2176"]
[BlackElo "1884"]

1. e4 d5 2. exd5 Qxd5 3. Nc3 Qd6 4. d4 Nf6 5.
Be3 a6 6. Nf3 Bg4 7. Be2 c6 8. h3 Bxf3 9. Bxf3 e6 10. O-O Be7 11. a3 O-O 12. Qd2 Nd5 13. Ne4 Qd8 14. c4 Nxe3 15. fxe3 Nd7 16. Qc2 Nf6 17. Nc3 Rb8 18.
Rad1 Qc8 19. e4 b5 20. e5 Nd7 21. c5 f6 22. Qb3 Nxc5 23. dxc5 Bxc5+ 24. Kh1 fxe5 25. Ne4 Bd4 26. Bg4 1-0

[Event "Nové Hrady - Blesk"]
[Site "Nové Hrady, Czech Republic"]
[Date "2023.08.17"]
[Round "2.4"]
[White "Šimůnek, Jakub Šimon"]
[Black "Vybiral, Zdenek"]
[Result "1-0"]
[TimeControl "2x3+2s"]
[WhiteFideId "23709464"]
[BlackFideId "305200"]
[WhiteElo "1921"]
[BlackElo "2158"]

1. e4 e6 2. d4 d5 3. exd5 exd5 4. Nf3 Nc6 5. Bd3 Bd6 6. c4 dxc4 7. Bxc4 Nf6 8. O-O O-O 9. h3 h6 10. Nc3 Re8 11.
Be3 Bf5 12. Qb3 Qd7 13. Qxb7 Rab8 14.
Qa6 Rb6 15. Qa4 Rb4 16. Qa6 Nb8 17. Bxf7+ Qxf7 18. Qxa7 Rxb2 19.
Qa5 Be4 20. Nxe4 Nxe4 21. Rfe1 Bb4 22. Qb5 Bc3 23. Qa4 Bxe1 24. Rxe1 Rxa2 25. Qb5 Nd7 26. Qd3 Ra5 27. Rc1 c5 28. dxc5 Ndxc5 29. Bxc5 Rxc5 30. Re1 Qd5 31. Qa3 Rcc8 32. Qa4 Nc3 33. Rxe8+ Rxe8 34. Qxe8+ Kh7 35. Qe1 Qc4 36. Kh2 Ne2 37. Qd2 Qe4 38. Ne1 Nf4 39. g3 Qf5 40. Qxf4 Qe6 41. Nf3 Qe2 1-0

[Event "Nové Hrady - Blesk"]
[Site "Nové Hrady, Czech Republic"]
[Date "2023.08.17"]
[Round "2.5"]
[White "Papacek, Stepan"]
[Black "Rausch, Rudolf"]
[Result "1/2-1/2"]
[TimeControl "2x3+2s"]
[WhiteFideId "301035"]
[BlackFideId "1639455"]
[WhiteElo "2137"]
[BlackElo "1806"]

1. e4 g6 2. d4 d6 3.
Be2 Bg7 4. Nf3 Nf6 5. Nc3 O-O 6. O-O a6 7. a4 b6 8. e5 dxe5 9. dxe5 Qxd1 10. Rxd1 Nfd7 11. Nd5 Nxe5 12. Nxe7+ Re8 13. Nxc8 Rxc8 14. Bf4 Nxf3+ 15. Bxf3 Ra7 16. c3 c5 17.
Rd6 Re7 18. Rad1 Rce8 19. Kf1 b5 20. a5 b4 21. cxb4 cxb4 22. b3 Be5 23. Bxe5 Rxe5 24. Rd8 Kf8 25. g3 Rxa5 26. R1d4 Ra1+ 27. Kg2 a5 28. R8d5 a4 29. Rxb4 axb3 30. Rxb3 Nc6 31. Rd7 Ne5 32. Rc7 Nxf3 33. Rxf3 Re7 1/2-1/2

[Event "Nové Hrady - Blesk"]
[Site "Nové Hrady, Czech Republic"]
[Date "2023.08.17"]
[Round "2.6"]
[White "Durchan, Milan"]
[Black "Richtrova, Eliska"]
[Result "0-1"]
[TimeControl "2x3+2s"]
[WhiteFideId "333212"]
[BlackFideId "300683"]
[WhiteElo "1677"]
[BlackElo "2122"]

1. f4 d5 2. Nf3 g6 3. g3 Bg7 4. Bg2 Nf6 5.
c3 O-O 6. Qc2 c5 7. d3 Bf5 8. Nbd2 Qc8 9. e4 Bh3 10. O-O Nc6 11. Rd1 Bxg2 12. Kxg2 Ng4 13. Nb3 c4 14. dxc4 dxc4 15. Nbd4 Nxd4 16. Nxd4 e5 17. Nf3 exf4 18. gxf4 Qc5 19. Qe2 Rad8 20. Nd4 Qh5 21. h3 Nf6 22. Qxh5 Nxh5 23. Kf3 Rfe8 24. Be3 Nf6 25. e5 Nd5 26. Bf2 g5 27. Nf5 Nxf4 28. Nxg7 Kxg7 29. Bd4 Kg6 30. Rg1 h6 31. h4 0-1

[Event "Nové Hrady - Blesk"]
[Site "Nové Hrady, Czech Republic"]
[Date "2023.08.17"]
[Round "2.7"]
[White "Blazek, Jiri"]
[Black "Sadil, Antonin"]
[Result "0-1"]
[TimeControl "2x3+2s"]
[WhiteFideId "330515"]
[BlackFideId "23735597"]
[WhiteElo "2061"]
[BlackElo "1697"]

1. e4 c6 2. d4 d5 3. exd5 cxd5 4. Bd3 Nc6 5. c3 Nf6 6. Bf4 e6 7. Ne2 Bd6 8. Bxd6 Qxd6 9. f4 O-O 10. O-O Bd7 11. Nd2 Rac8 12. Nf3 Na5 13. Ne5 Nc4 14. Nxc4 dxc4 15. Bc2 Bc6 16. Ng3 Rfd8 17.
Qe2 Bd5 18. f5 Re8 19. Nh5 exf5 20. Nxf6+ Qxf6 21. Qh5 g6 22. Qh3 Be4 23. Bd1 Bd3 24. Bf3 Bxf1 25. Rxf1 Rc7 26. g4 Qg5 27.
Qg3 Rce7 28. h4 Qe3+ 29. Kh1 f4 30. Qg2 Qd3 31. h5 Re1 32. Rxe1 Rxe1+ 33. Kh2 Qf1 34. Qxf1 Rxf1 35.
Bd5 Rf2+ 36. Kh3 Rxb2 37. Bxc4 gxh5 38. gxh5 Rc2 39. Kg4 Rxc3 40. Bb3 f3 41. Kg3 Kg7 42. d5 Rd3 43. Bc4 Rc3 44. Bb3 b5 45. Kf2 a5 46. Bd1 Kf6 47. Bxf3 Rc2+ 48. Kg3 Rxa2 49. Kf4 Ra4+ 50. Ke3 Ke5 51. Be2 Ra3+ 52. Kf2 b4 53. Bc4 b3 54. Bd3 b2 55. Bc2 Ra2 56. Bb1 Ra1 0-1

[Event "Nové Hrady - Blesk"]
[Site "Nové Hrady, Czech Republic"]
[Date "2023.08.17"]
[Round "2.9"]
[White "Hostička, František"]
[Black "Steinbauer, Sebastian"]
[Result "1/2-1/2"]
[TimeControl "2x3+2s"]
[WhiteFideId "302295"]
[BlackFideId "399272"]
[WhiteElo "2074"]
[BlackElo "1660"]

1. e4 e5 2. Bb5 c6 3. Ba4 Nf6 4. d3 Bb4+ 5. c3 Ba5 6.
Nf3 d6 7. Nbd2 O-O 8. O-O Bg4 9.
h3 Bh5 10. Re1 Nbd7 11. Nf1 Bb6 12. Ng3 Bg6 13. Bg5 Qc7 14. Nh4 h6 15. Bc1 Bh7 16.
Nhf5 Kh8 17. Qf3 d5 18. Bc2 Rfe8 19. Bb3 dxe4 20. dxe4 Rf8 21. Bd2 Nc5 22. Bc2 Ne6 23. Nxh6 Rad8 24.
Rad1 Nf4 25. Ng4 Nxg4 26. hxg4 f6 27.
Ne2 Ne6 28. Be3 g5 29. g3 Kg7 30. Kg2 Bg6 31. Bb3 Nc5 32. Bc2 Rxd1 33. Rxd1 Ne6 34. Bb3 Nc5 35. Bc2 Ne6 36. b4 Rd8 37. Rh1 Qe7 38. Nc1 Bxe3 39. Qxe3 b6 40. Nd3 c5 41. bxc5 Nxc5 42. Nxc5 bxc5 43. Rb1 Rd7 44. Ba4 Rc7 45. Qe2 Qd6 46. Rd1 Qb6 47. Bb3 Qc6 48. Bd5 Qa4 49. Qb2 Bxe4+ 50. Bxe4 Qxe4+ 51. f3 Qc6 52. Qb8 Rd7 53. Rxd7+ Qxd7 54. Qb3 Qd2+ 55. Kh3 Qe1 56. Kg2 Qe2+ 57. Kg1 Qe1+ 58. Kg2 Qe2+ 59. Kg1 Qe1+ 60. Kg2 Qe2+ 61. Kg1 Qxf3 62. Kh2 Qf2+ 63. Kh3 Qf1+ 1/2-1/2

[Event "Nové Hrady - Blesk"]
[Site "Nové Hrady, Czech Republic"]
[Date "2023.08.17"]
[Round "2.10"]
[White "Hejda, Ondřej"]
[Black "Cernik, Rudolf"]
[Result "1-0"]
[TimeControl "2x3+2s"]
[WhiteFideId "23713623"]
[BlackFideId "393096"]
[WhiteElo "1321"]
[BlackElo "1861"]

1. e4 d5 2. exd5 Qxd5 3.
Nc3 Qe6+ 4. Be2 Nf6 5. Nf3 h5 6. d3 h4 7. h3 Nc6 8. Ng5 Qf5 9. Nf3 Be6 10. Be3 O-O-O 11. Qd2 Kb8 12.
O-O-O Ng4 13. Kb1 Nxe3 14. Qxe3 g6 15. d4 Bh6 16. Qd3 Qa5 17. Qb5 a6 18. Qxa5 Nxa5 19. Ne5 Bf8 20. d5 Bf5 21. Nxf7 Bg7 22. Nxh8 Rxh8 23. Bd3 c6 24. Bxf5 gxf5 25. dxc6 bxc6 26. Rd7 Nb7 27. Rxe7 Bf8 28. Rf7 Bb4 29. a3 Ba5 30.
Rxf5 Bb6 31. Re1 Ka7 32.
f3 Rg8 33. Re2 Nd6 34. Rfe5 Nf7 35. Re7+ Kb8 36. Rxf7 Rc8 37. Ree7 Rc7 38. Rxc7 Bxc7 39. Rh7 Kb7 40. Rxh4 Kb6 41.
Rb4+ Ka7 42. Ne4 Bd6 43. Nxd6 a5 44. Rb7+ Ka6 45. Rf7 Kb6 46.
h4 Kc5 47. Ne4+ Kd5 48. h5 Kd4 49. h6 Ke3 50. h7 Ke2 51. Nf2 Ke3 52. h8=Q Ke2 53. Qe5+ Kf1 54. Re7 Kxg2 1-0

[Event "Nové Hrady - Blesk"]
[Site "Nové Hrady, Czech Republic"]
[Date "2023.08.17"]
[Round "3.1"]
[White "Richtrova, Eliska"]
[Black "Pulpan, Jakub"]
[Result "0-1"]
[TimeControl "2x3+2s"]
[WhiteFideId "300683"]
[BlackFideId "302759"]
[WhiteElo "2122"]
[BlackElo "2452"]

1. e4 c5 2. Nc3 a6 3.
g3 b5 4. Bg2 Bb7 5. d3 Nf6 6. f4 e6 7. Nf3 d5 8. e5 d4 9. exf6 dxc3 10. bxc3 Qxf6 11. Bd2 Bd6 12. O-O Nd7 13. a4 Qe7 14. axb5 axb5 15. Rxa8+ Bxa8 16. Qb1 b4 17. Qa1 O-O 18. Qa7 Bd5 19. Qa6 Ra8 20. Qb5 h6 21. c4 Rb8 22. Qa5 Bc6 23. Re1 Ra8 24. Qxa8+ Bxa8 25.
Ra1 Qd8 26. Be3 Bc6 27. Nd2 Bxg2 28. Kxg2 e5 29. f5 Nf6 30.
h3 e4 31. dxe4 Qe8 32. Kf3 Qe5 33. Rg1 Qc3 34. Rc1 Bxg3 35. Nb1 Qe5 36. Rg1 Qxe4+ 37. Ke2 Bf4 0-1

[Event "Nové Hrady - Blesk"]
[Site "Nové Hrady, Czech Republic"]
[Date "2023.08.17"]
[Round "3.2"]
[White "Zeman, Matyas"]
[Black "Šimůnek, Jakub Šimon"]
[Result "1-0"]
[TimeControl "2x3+2s"]
[WhiteFideId "364398"]
[BlackFideId "23709464"]
[WhiteElo "2254"]
[BlackElo "1921"]

1. Nf3 d5 2. b3 Nf6 3. Bb2 c6 4. g3 Bf5 5. Bg2 e6 6. d3 h6 7.
O-O Be7 8. Nbd2 O-O 9. c4 Nbd7 10. Rc1 Rc8 11. Rc2 a5 12. a3 Qb6 13. Qa1 Nc5 14.
Bd4 Qa6 15. cxd5 cxd5 16. Rfc1 b6 17.
b4 Ncd7 18. b5 Qb7 19. Ne5 Nxe5 20. Bxe5 Rxc2 21. Rxc2 Rc8 22. Rxc8+ Qxc8 23. Nf3 Qc5 24.
Nd4 Bg6 25. a4 Nd7 26. Nc6 Nxe5 27. Nxe7+ Qxe7 28. Qxe5 Qc5 29. h4 Kf8 30. h5 Bf5 31. e4 dxe4 32. dxe4 Bh7 33. Qb8+ Ke7 34. Qh8 Qc1+ 35. Kh2 Qg5 36. Qxh7 Qxh5+ 37. Kg1 Qd1+ 38. Bf1 Qxa4 39. Qxh6 gxh6 1-0

[Event "Nové Hrady - Blesk"]
[Site "Nové Hrady, Czech Republic"]
[Date "2023.08.17"]
[Round "3.3"]
[White "Hak, David"]
[Black "Babula, Milan"]
[Result "1-0"]
[TimeControl "2x3+2s"]
[WhiteFideId "377007"]
[BlackFideId "300632"]
[WhiteElo "2037"]
[BlackElo "2176"]

1. d4 Nf6 2. c4 c5 3. d5 e6 4. Nc3 exd5 5. cxd5 d6 6. Nf3 g6 7. Bf4 Bg7 8. Qa4+ Bd7 9. Qb3 Qc7 10. h3 O-O 11.
e3 a6 12. a4 b6 13. Be2 Ra7 14. Nd2 Rb7 15. Nc4 Ne8 16. Ne4 Be5 17. Bxe5 dxe5 18. d6 Qc6 19. Bf3 Qc8 20. Nxe5 Be6 21. Qc3 Nd7 22. Ng5 Rb8 23. Nxe6 fxe6 24. Ng4 Ng7 25. O-O h5 26. Ne5 Kh7 27. Nc6 Rb7 28.
Ne7 Qb8 29. Bxb7 Qxb7 30. Rad1 Re8 31. Qb3 Nf8 32. a5 b5 33. Qc3 c4 34. Qd4 Qd7 35. Qb6 Ra8 36. Qc7 Ra7 37. Qb8 Ne8 38. Rd4 Rb7 39. Qc8 Kg7 40. Qxd7 Nxd7 41. e4 e5 42. Rd2 Kf7 43. Nd5 Nxd6 44.
f4 Nxe4 45. Re2 Ndc5 46. fxe5+ Ke6 47. Nf4+ Kxe5 48. Nxg6+ Kd5 49. Rd1+ Nd3 50. Nf4+ Kd4
51. Nxd3 cxd3 52. g4 Rc7 53. gxh5 Rh7 54. Rg2 Rxh5 55. Rg8 1-0

[Event "Nové Hrady - Blesk"]
[Site "Nové Hrady, Czech Republic"]
[Date "2023.08.17"]
[Round "3.4"]
[White "Sadil, Antonin"]
[Black "Papacek, Stepan"]
[Result "0-1"]
[TimeControl "2x3+2s"]
[WhiteFideId "23735597"]
[BlackFideId "301035"]
[WhiteElo "1697"]
[BlackElo "2137"]

1. e4 e6 2. d4 d5 3. Nc3 Bb4 4. e5 c5 5. a3 Bxc3+ 6.
bxc3 Qc7 7. Nf3 Ne7 8. Be3 b6 9. Bb5+ Bd7 10. Bxd7+ Nxd7 11. O-O O-O 12. Ng5 h6 13. Nh3 Rac8 14.
Qg4 Nf5 15. Nf4 Qd8 16. dxc5 Nxe5 17. Qh3 bxc5 18. Rad1 Qh4 19. Rfe1 Qxh3 20. Nxh3 Nxe3 21. Rxe3 Nc4 22. Rg3 Nxa3 23.
Ra1 Nc4 24. Rxa7 Ra8 25. Rxa8 Rxa8 26. f3 Ra2 27. Nf4 Rxc2 28.
Nh5 g6 29. Nf6+ Kg7 30. Nd7 Rxc3 31.
Nxc5 Ne3 32. Kf2 Nf5 0-1

[Event "Nové Hrady - Blesk"]
[Site "Nové Hrady, Czech Republic"]
[Date "2023.08.17"]
[Round "3.5"]
[White "Rausch, Rudolf"]
[Black "Hostička, František"]
[Result "1-0"]
[TimeControl "2x3+2s"]
[WhiteFideId "1639455"]
[BlackFideId "302295"]
[WhiteElo "1806"]
[BlackElo "2074"]

1. d4 Nf6 2. c4 e6 3. Nc3 Bb4 4. Bd2 d5 5. cxd5 exd5 6. Nf3 O-O 7. e3 Re8 8. Be2 c6 9. O-O Bd6 10. a3 a5 11. Rb1 Qc7 12. g3 Bh3 13. Re1 h6 14. Bf1 1-0

[Event "Nové Hrady - Blesk"]
[Site "Nové Hrady, Czech Republic"]
[Date "2023.08.17"]
[Round "3.6"]
[White "Steinbauer, Sebastian"]
[Black "Blazek, Jiri"]
[Result "0-1"]
[TimeControl "2x3+2s"]
[WhiteFideId "399272"]
[BlackFideId "330515"]
[WhiteElo "1660"]
[BlackElo "2061"]

1. e4 e6 2. d4 d5 3. exd5 exd5 4. Bd3 Nf6 5. Nf3 Bd6 6. Bg5 h6 7. Bh4 O-O 8. O-O Bg4 9. Nbd2 Nbd7 10. c3 c6 11. h3 Bh5 12. Qc2 Bxf3 13. Nxf3 Qc7 14.
Rfe1 Rae8 15. Rad1 g5 16. Bg3 Bxg3 17.
fxg3 Qxg3 18. Qd2 Nh5 19. Bf5 Ndf6 20. Ne5 Ne4 21. Qc2 Qf4 22. Bxe4 dxe4 23. Rxe4 Qf5 24. Rf1 Qh7 25. Qe2 f6 26. Re3 fxe5 27. Qxh5 Rxf1+ 28. Kxf1 Rf8+ 29. Kg1 Qf5 30. Rf3 Qb1+ 31. Kh2 Rxf3 32. Qxf3 exd4 33. cxd4 Qxb2 34. Qe4 Qb5 35.
Qe8+ Kg7 36. Qe7+ Kg6 37. Qe8+ Kf5 38. Qf7+ Ke4 39. Qf6 Kd3 40. Qf3+ Kxd4 41. Qf6+ Qe5+ 42. Qxe5+ Kxe5 43. Kg3 c5 44. Kg4 c4 0-1

[Event "Nové Hrady - Blesk"]
[Site "Nové Hrady, Czech Republic"]
[Date "2023.08.17"]
[Round "3.7"]
[White "Vybiral, Zdenek"]
[Black "Mácová, Markéta"]
[Result "1-0"]
[TimeControl "2x3+2s"]
[WhiteFideId "305200"]
[BlackFideId "23715588"]
[WhiteElo "2158"]
[BlackElo "1304"]

1. d4 Nf6 2. c4 g6 3.
Nc3 Bg7 4. e4 d6 5. f4 O-O 6. Nf3 Bg4 7. Be3 Nbd7 8. Be2 Rc8 9. O-O c5 10.
d5 Re8 11. e5 dxe5 12. fxe5 Nh5 13. h3 Bxf3 14. Bxf3 Nxe5 15. Bxh5 gxh5 16. Qxh5 Nxc4 17. Qxf7+ Kh8 18. Bg5 Ne5 19. Qh5 Qd6 20. Rad1 Rf8 21. Rfe1 Ng6 22. Re6 Qg3 23. Ne4 Qc7 24. Rxg6 Kg8 25.
Rxg7+ Kxg7 26. Bh6+ Kg8 27.
Qg5+ Kf7 28. Qg7+ Ke8 29. Qxf8+ Kd7 30. Qf5+ Kd8 31.
d6 exd6 32. Rxd6+ Ke8 33. Qf8# 1-0

[Event "Nové Hrady - Blesk"]
[Site "Nové Hrady, Czech Republic"]
[Date "2023.08.17"]
[Round "3.8"]
[White "Valenz, Miroslav"]
[Black "Dudková, Josefína"]
[Result "1-0"]
[TimeControl "2x3+2s"]
[WhiteFideId "326283"]
[BlackFideId "23712350"]
[WhiteElo "1929"]
[BlackElo "1437"]

1. e4 d5 2. Nc3 d4 3.
Nce2 e5 4. d3 Nf6 5. f4 Bd6 6. Nf3 Nc6 7. g3 O-O 8. Bg2 Be6 9. f5 Bd7 10. O-O g6 11. fxg6 fxg6 12. Bh6 Re8 13. h3 Ne7 14. g4 c5 15. Ng3 Rc8 16. Ng5 Nc6 17.
c3 b5 18. Qb3+ Kh8 19. Nf7+ Kg8 20. Nxd8+ Kh8 21. Qf7 c4 1-0

[Event "Nové Hrady - Blesk"]
[Site "Nové Hrady, Czech Republic"]
[Date "2023.08.17"]
[Round "3.9"]
[White "Hokr, Matyas"]
[Black "Slabý, Matěj"]
[Result "0-1"]
[TimeControl "2x3+2s"]
[WhiteFideId "23734663"]
[BlackFideId "23734876"]
[WhiteElo "1472"]
[BlackElo "1894"]

1. Nf3 d5 2. b3 Nc6 3. Bb2 Bg4 4. d4 e6 5. h3 Bxf3 6. exf3 Nf6 7. Bb5 Qd7 8. O-O a6 9. Bxc6 Qxc6 10. Nd2 Bb4 11. Rc1 Bc3 12. Ba3 Bxd4 13. c4 O-O-O 14. cxd5 Qxd5 15. Qc2 Rd7 16. Rfd1 Rhd8 17. Nc4 Kb8 18.
Rd2 e5 19. Rcd1 Qe6 20. Bb4 Nd5 21. Ba3 Nf4 22. Re1 Nxh3+ 23. gxh3 Qxh3 24. Nxe5 Qg3+ 0-1

[Event "Nové Hrady - Blesk"]
[Site "Nové Hrady, Czech Republic"]
[Date "2023.08.17"]
[Round "3.10"]
[White "Prinz, Hubert"]
[Black "Hejda, Ondřej"]
[Result "1-0"]
[TimeControl "2x3+2s"]
[WhiteFideId "1639447"]
[BlackFideId "23713623"]
[WhiteElo "1884"]
[BlackElo "1321"]

1. d4 c6 2. Nf3 d5 3.
e3 Nf6 4. Bd3 Bg4 5. c4 e6 6. Qb3 Qc7 7. Ne5 Nbd7 8. Nxg4 Nxg4 9. h3 Ngf6 10. Nc3 c5 11. cxd5 cxd4 12. dxe6 Nc5 13. Qb5+ Kd8 14. exd4 Nxe6 15.
Nd5 Qc8 16. Nxf6 gxf6 17. Qd5+ Qd7 18.
Qxd7+ Kxd7 19. Be3 Bd6 20. Bb5+ Ke7 21.
O-O Rac8 22. b3 Rc2 23. Bc4 a6 24. a4 Nc7 25.
Rfe1 b5 26. axb5 axb5 27. Bd3 Rc6 28.
Bh6+ Kd7 29. Bg7 Rb8 30.
Bxf6 Ne6 31. d5 1-0

[Event "Nové Hrady - Blesk"]
[Site "Nové Hrady, Czech Republic"]
[Date "2023.08.17"]
[Round "4.1"]
[White "Pulpan, Jakub"]
[Black "Zeman, Matyas"]
[Result "1-0"]
[TimeControl "2x3+2s"]
[WhiteFideId "302759"]
[BlackFideId "364398"]
[WhiteElo "2452"]
[BlackElo "2254"]

1. b3 Nf6 2. Bb2 e6 3. Nf3 d5 4. c4 Be7 5. g3 O-O 6. Bg2 c5 7. cxd5 exd5 8. d4 cxd4 9. O-O Nc6 10. Nxd4 Bg4 11. Nc3 Rc8 12. h3 Bh5 13. Nf5 d4 14. Nb5 Bc5 15. Nbxd4 Nxd4 16. Bxd4 Bxd4 17. Nxd4 Qb6 18. g4 Bg6 19. e3 h5 20. Qf3 hxg4 21.
hxg4 Ne4 22. Rfc1 Qb4 23. Qf4 Rxc1+ 24. Rxc1 Qd2 25. Rf1 Re8 26. Qc7 Ng5 27. Qxb7 a5 28. Qb5 Rd8 29. Qxg5 1-0